 Dungeon Crawl Stone Soup version 0.18-a0-1071-g9f02aef (webtiles) character file.

8143 tehphobia the Covert (level 11, -27/56 HPs)
             Began as a Vine Stalker Assassin on Jan 13, 2016.
             Was a Believer of Dithmenos.
             Hit by a large rock thrown by a cyclops (37 damage)
             ... on level 13 of the Dungeon.
             The game lasted 00:28:40 (9861 turns).

tehphobia the Covert (Vine Stalker Assassin)        Turns: 9861, Time: 00:28:44

Health: -27/56     AC: 10    Str: 14    XL:     11   Next: 26%
Magic:  0/12       EV: 14    Int: 11    God:    Dithmenos [**....]
Gold:   404        SH:  0    Dex: 19    Spells: 0 memorised, 10 levels left

rFire  . . .     SeeInvis +     b - +0 blowgun
rCold  . . .     Gourm    .     w - +3 ring mail "Poimewu" {MR+}
rNeg   . . .     Faith    .     (no shield)
rPois  .         Spirit   +     (no helmet)
rElec  .         Dismiss  .     d - +1 cloak
rCorr  .         Reflect  .     (no gloves)
SustAt +         Harm     .     (no boots)
MR     ++...                    X - amulet of rage
Stlth  +++++++...               P - ring of see invisible
                                y - ring of sustain attributes

@: wreathed by umbra, very resistant to hostile enchantments, extremely stealthy
A: fangs 3, regeneration 2, magic shield, antimagic bite, no device heal 3, rot
immunity
a: Shadow Step, Renounce Religion, Evoke Berserk Rage


You were on level 13 of the Dungeon.
You worshipped Dithmenos.
Dithmenos was pleased with you.
You were hungry.

You visited 3 branches of the dungeon, and saw 14 of its levels.

You collected 593 gold pieces.
You spent 189 gold pieces at shops.

Inventory:

Hand Weapons
 a - a +2 dagger
 b - a +0 blowgun (weapon)
 t - a +4 short sword
 M - a -2 shortbow
 T - a +0 shortbow
 V - a +0 longbow
Missiles
 e - 19 poisoned needles
 z - 3 needles of sleeping (quivered)
 L - 98 arrows
Armour
 c - a +0 robe
 d - a +1 cloak (worn)
 o - the +3 leather armour of the Cricket {MP+9}
   (You bought it in a shop on level 10 of the Dungeon)

   It affects your magic capacity (+9).
 w - the +3 ring mail "Poimewu" (worn) {MR+}
   (You found it on level 4 of the Dungeon)

   It affects your resistance to hostile enchantments.
 G - a cursed +0 robe
Rods
 U - a -1 rod of ignition (12/12)
   (You found it on level 8 of the Dungeon)
Jewellery
 k - an uncursed ring of protection from magic
 m - an uncursed amulet of magic regeneration
 y - a ring of sustain attributes (left hand)
 P - a ring of see invisible (right hand)
 X - an amulet of rage (around neck)
Wands
 j - a wand of enslavement (8/24)
 B - a wand of draining (7/15)
 Q - a wand of paralysis (13/24)
 W - a wand of lightning (3/15)
Scrolls
 h - 5 scrolls of teleportation
 i - 2 scrolls of magic mapping
 n - 6 scrolls of remove curse
 p - a scroll of random uselessness
 H - 3 scrolls of identify
 I - a scroll of enchant armour
 J - a scroll of fog
Potions
 s - 2 potions of cure mutation
 u - 2 potions of curing
 v - a potion of mutation {unknown}
 x - 2 potions of agility {unknown}
 A - a potion of flight
 K - 2 potions of berserk rage {unknown}
 N - a potion of magic {unknown}
 O - a potion of poison {unknown}
 S - 2 potions of ambrosia {unknown}
Books
 C - Vehumet's Volume of Confrontation
   (You found it on level 4 of the Dungeon)

   Spells                             Type                      Level
   a - Magic Dart                     Conjuration                  1
 D - Sif Muna's Catalogue of Execration
   (You found it on level 4 of the Dungeon)

   Spells                             Type                      Level
   a - Corona                         Hexes                        1
 E - Kikubaaqudgha's Papyrus of Stolen Souls
   (You found it on level 4 of the Dungeon)

   Spells                             Type                      Level
   a - Animate Skeleton               Necromancy                   1
Comestibles
 g - 5 bread rations
 l - 4 beef jerkies
 q - 7 fruits
 r - 7 meat rations
 R - 2 slices of pizza


   Skills:
 - Level 5.4 Fighting
 - Level 8.5 Short Blades
 - Level 6.0 Bows
 - Level 1.7 Throwing
 * Level 5.2 Dodging
 - Level 13.2 Stealth


You had 10 spell levels left.
You didn't know any spells.

Dungeon Overview and Level Annotations

Branches:
Dungeon (11/15)            Temple (0/1) D:5            Lair (1/8) D:10
    Orc (1/2) D:10

Altars:
Ashenzari
Cheibriados
Dithmenos
Gozag
Kikubaaqudgha
Makhleb
Okawaru
Pakellas
Qazlal
Ru
Sif Muna
Trog
Vehumet
Zin
The Shining One

Shops:
D:2 *   D:6 [   D:10 *

Annotations:
D:3 lagrange's ghost, amateur OgFi


Innate Abilities, Weirdness & Mutations

You have razor-sharp teeth.
You heal very quickly.
When hurt, damage is shared between your health and your magic reserves.
Your bite disrupts and absorbs the magic of your enemies.
Potions and wands cannot restore your health.
You are immune to rotting.


Message History

The cyclops throws a large rock.
The large rock hits you!!!
Ouch! That really hurt!
* * * LOW HITPOINT WARNING * * *
Firing (i - inventory. (,) - cycle):
z - 5 needles of sleeping (quivered)
Press: ? - help, Shift-Dir - straight line, f/p - cyclops
Aim: a cyclops (lightly wounded, slow, poisoned, umbra)
You shoot a needle of sleeping.
The needle of sleeping hits the cyclops.
The cyclops resists.
The cyclops is lightly wounded.
Firing (i - inventory. (,) - cycle):
z - 4 needles of sleeping (quivered)
Press: ? - help, Shift-Dir - straight line, f/p - cyclops
Aim: a cyclops (lightly wounded, slow, poisoned, umbra)
You shoot a needle of sleeping.
The needle of sleeping hits the cyclops.
The cyclops resists.
The cyclops is lightly wounded.
The cyclops throws a large rock.
The large rock hits you!!!
Ouch! That really hurt!
You die...

### #(+ #@#
#)# #####)#
#.).)C##
#......#
#......#
#.......(....#
#.....(.(^...#
#...##..(....#


You could see a cyclops.

Vanquished Creatures
  Erolcha (D:8)
  An ugly thing (D:11)
  A hill giant (D:10)
  A komodo dragon (D:10)
  A fire drake (Lair:1)
  Prince Ribbit (D:7)
  10 yaks
  2 wyverns
  A hippogriff (D:10)
  The ghost of tehphobia the Sneak, an amateur VSAs of Dithmenos (D:7)
  2 orc warriors
  A black bear (D:6)
  3 ice beasts
  2 sky beasts (D:6)
  An eye of draining (D:11)
  2 phantoms
  2 ogres
  A necrophage (D:8)
  7 centaurs
  5 giant frogs
  A gnoll sergeant (D:9)
  4 scorpions
  2 water moccasin skeletons
  5 wights (D:6)
  A centaur zombie (D:7)
  2 giant frog zombies (D:6)
  2 hounds
  A jelly (D:8)
  7 orc priests
  6 giant frog skeletons
  A centaur skeleton (D:4)
  An iguana (D:10)
  5 orc wizards
  7 worker ants
  2 hound skeletons
  A worker ant zombie (D:6)
  9 gnolls
  13 adders
  A shadow imp (D:9)
  An adder skeleton (D:6)
  An adder zombie (D:6)
  A worm (D:6)
  3 giant geckos
  34 orcs
  A ball python (D:1)
  5 giant cockroaches
  5 goblins
  12 hobgoblins
  12 jackals
  5 kobolds
  5 quokkas
  11 bats
  A giant gecko zombie (D:7)
  4 giant newts
  A jackal skeleton (D:4)
  A jackal zombie (D:6)
  A quokka zombie (D:5)
  5 rats
226 creatures vanquished.

Vanquished Creatures (others)
  A jelly (D:6)
  4 plants (D:10)
5 creatures vanquished.

Grand Total: 231 creatures vanquished

Notes
Turn   | Place    | Note
--------------------------------------------------------------
     0 | D:1      | tehphobia the Vine Stalker Assassin began the quest for the Orb.
     0 | D:1      | Reached XP level 1. HP: 11/11 MP: 2/2
    50 | D:1      | Reached skill level 1 in Dodging
   349 | D:1      | Reached XP level 2. HP: 15/15 MP: 3/3
   489 | D:1      | Found a shattered altar of Ashenzari.
   985 | D:2      | Reached XP level 3. HP: 13/18 MP: 4/4
  1014 | D:2      | Found Gozag's Platinum Reserve.
  1326 | D:2      | Found an opulent altar of Gozag.
  1522 | D:3      | Noticed a phantom
  1586 | D:3      | Killed a phantom
  1586 | D:3      | Reached XP level 4. HP: 10/24 MP: 5/5
  1586 | D:3      | Reached XP level 5. HP: 11/28 MP: 6/6
  1667 | D:3      | Found a faded altar to an unknown god.
  1818 | D:3      | Noticed lagrange's ghost (amateur OgFi)
  1942 | D:4      | Got a faintly humming ring mail
  1953 | D:4      | Identified the +3 ring mail "Poimewu" {MR+} (You found it on level 4 of the Dungeon)
  2003 | D:4      | Gained mutation: You heal very quickly. [Vine Stalker growth]
  2003 | D:4      | Reached XP level 6. HP: 28/32 MP: 7/7
  2411 | D:4      | Reached XP level 7. HP: 34/37 MP: 8/8
  2910 | D:4      | Found a deep blue altar of Sif Muna.
  2912 | D:4      | Found a radiant altar of Vehumet.
  2912 | D:4      | Found an ancient bone altar of Kikubaaqudgha.
  2917 | D:4      | Identified Vehumet's Volume of Confrontation
  2924 | D:4      | Identified Sif Muna's Catalogue of Execration
  2931 | D:4      | Identified Kikubaaqudgha's Papyrus of Stolen Souls
  2980 | D:5      | Entered Level 5 of the Dungeon
  2998 | D:5      | Found a glowing silver altar of Zin.
  3006 | D:5      | Found a burning altar of Makhleb.
  3006 | D:5      | Found a sacrificial altar of Ru.
  3008 | D:5      | Found a stormy altar of Qazlal.
  3009 | D:5      | Found a snail-covered altar of Cheibriados.
  3010 | D:5      | Found a glowing golden altar of the Shining One.
  3011 | D:5      | Found a shadowy altar of Dithmenos.
  3014 | D:5      | Became a worshipper of Dithmenos the Shadowed
  3656 | D:5      | Found a staircase to the Ecumenical Temple.
  3737 | D:5      | Gained mutation: You have razor-sharp teeth. [Vine Stalker growth]
  3737 | D:5      | Reached XP level 8. HP: 42/42 MP: 9/9
  3950 | D:5      | Reached skill level 5 in Fighting
  3950 | D:5      | Reached skill level 5 in Short Blades
  4606 | D:6      | Reached skill level 5 in Dodging
  4653 | D:6      | Found Atuvesarph's Armour Boutique.
  4817 | D:6      | Reached skill level 5 in Stealth
  4874 | D:6      | Reached skill level 6 in Stealth
  4931 | D:6      | Reached skill level 7 in Stealth
  4939 | D:6      | Reached XP level 9. HP: 23/47 MP: 10/10
  4955 | D:6      | Found an iron altar of Okawaru.
  4956 | D:6      | Found a bloodstained altar of Trog.
  5117 | D:6      | Found an oddly glowing altar of Pakellas.
  5117 | D:6      | Noticed an orange crystal statue
  5193 | D:7      | Noticed tehphobia's ghost (amateur VSAs)
  5203 | D:7      | Killed tehphobia's ghost
  5203 | D:7      | Reached skill level 8 in Stealth
  5429 | D:7      | Reached skill level 9 in Stealth
  5576 | D:7      | Found a burning altar of Makhleb.
  5740 | D:7      | Noticed Prince Ribbit
  5746 | D:7      | Reached * piety under Dithmenos
  5748 | D:7      | Killed Prince Ribbit
  5748 | D:7      | Reached skill level 10 in Stealth
  6488 | D:8      | Reached skill level 11 in Stealth
  7171 | D:8      | Noticed Erolcha
  7195 | D:8      | Killed Erolcha
  7195 | D:8      | Reached skill level 13 in Stealth
  7195 | D:8      | Reached XP level 10. HP: 15/51 MP: 6/11
  7616 | D:9      | Reached skill level 1 in Bows
  8171 | D:10     | Entered Level 10 of the Dungeon
  8191 | D:10     | Identified a -1 rod of ignition (12/12) (You found it on level 8 of the Dungeon)
  8290 | D:10     | Noticed a hill giant
  8304 | D:10     | Killed a hill giant
  8332 | D:10     | Found a staircase to the Lair.
  8397 | D:10     | Found a staircase to the Orcish Mines.
  8526 | D:10     | Found Suruhain's Assorted Antiques.
  8534 | D:10     | Bought a distressingly furry leather armour for 189 gold pieces
  8534 | D:10     | Identified the +3 leather armour of the Cricket {MP+9} (You bought it in a shop on level 10 of the Dungeon)
  8673 | D:10     | Reached ** piety under Dithmenos
  8871 | Lair:1   | Entered Level 1 of the Lair of Beasts
  8950 | Lair:1   | Noticed a five-headed hydra
  9137 | Orc:1    | Entered Level 1 of the Orcish Mines
  9253 | D:11     | Noticed a white ugly thing
  9422 | D:11     | Noticed a purple ugly thing
  9451 | D:11     | Killed a purple ugly thing
  9451 | D:11     | Reached skill level 5 in Bows
  9451 | D:11     | Reached XP level 11. HP: 40/56 MP: 12/12
  9836 | D:11     | You fall through a shaft for 2 floors!
  9839 | D:13     | Noticed a cyclops
  9861 | D:13     | Hit by a large rock thrown by a cyclops

Vault maps used:
D:1:      enne_arrival_octagon_isle, minmay_misc_feat_iff,
          nicolae_ashenzari_panopticon
D:2:      nicolae_gozag_zags_fifth_avenue, fountainhead
D:3:      ecumenical_altar_1, first_bread
D:4:      grunt_temple_overflow_magic_moments
D:5:      minitemple, temple_pool_a, guppyfry_early_lair_pool
D:6:      grunt_temple_overflow_bloody_war,
          gammafunk_pakellas_statue_experiment, serial_shops, shop_statue
D:7:      mumra_celtic_spiral_tile, basic_altar, uniq_prince_ribbit1
D:8:      uniq_erolcha
D:10:     david_lair_shrubbed, orc_0_dummy, serial_shops,
          nicolae_shop_behind_doors
D:11:     basic_altar
D:13:     david_vaults_3, portal_ice_cave_entry_ice_statue_01
Lair:1:   st_stairs_8, minmay_holes, nicolae_quartered_pool_super,
          grunt_megastairs_2
Orc:1:    basic_altar

Action                   |  1- 3 |  4- 6 |  7- 9 | 10-12 || total
-------------------------+-------+-------+-------+-------++-------
Melee: Dagger            |   167 |    37 |   139 |       ||   343
       Short sword       |       |    34 |   263 |   175 ||   472
 Fire: Blowgun           |       |    10 |    34 |    66 ||   110
       Shortbow          |       |       |       |     5 ||     5
       Longbow           |       |       |       |    31 ||    31
  Use: Potion            |     3 |       |     2 |     1 ||     6
       Scroll            |       |     3 |     1 |    13 ||    17
 Stab: Sleeping          |    11 |    10 |    20 |    14 ||    55
       Distracted        |       |       |     2 |     3 ||     5
  Eat: Chunk             |     2 |     3 |    14 |     9 ||    28
